 Dungeon Crawl Stone Soup version 0.30-a0-782-ge64f9170bb (webtiles) character file.

Game seed: 8187959513295431256

54 Crownlay the Stinger (level 3, -4/21 HPs)
             Began as an Octopode Venom Mage on Feb 26, 2023.
             Slain by a goblin
             ... wielding a +0 club
             ... led by Robin
              (7 damage)
             ... on level 2 of the Dungeon.
             The game lasted 00:02:40 (1511 turns).

Crownlay the Stinger (Octopode Venom Mage)          Turns: 1511, Time: 00:02:41

Health: -4/21      AC:  1    Str:  7    XL:     3   Next: 91%
Magic:  3/6        EV: 13    Int: 19    God:
Gold:   114        SH:  0    Dex: 12    Spells: 1/7 levels left

rFire   . . .      SeeInvis .    (no weapon)
rCold   + . .      Faith    .    (no shield)
rNeg    . . .      Spirit   .    (helmet restricted)
rPois   .          Reflect  .    (no amulet)
rElec   .          Harm     .    f - ring of flight
rCorr   .          Rampage  .    h - ring of protection from cold
Will    .....                    (no ring)
Stlth   +++                      (no ring)
HPRegen 0.23/turn                (no ring)
MPRegen 0.10/turn                (no ring)
                                 (no ring)
                                 (no ring)

@: flying
A: almost no armour, amphibious, 8 rings, camouflage 1, gelatinous body 1,
(nimble swimmer 1), tentacles
a: no special abilities


You were on level 2 of the Dungeon.
You visited 1 branch of the dungeon, and saw 2 of its levels.

You collected 114 gold pieces.

Inventory:

Jewellery
 e - a ring of fire
 f - a ring of flight (left tentacle)
 h - a ring of protection from cold (right tentacle)
Scrolls
 b - 3 scrolls of identify {unknown}
 c - 2 scrolls of magic mapping {unknown}
 d - 2 scrolls of fog {unknown}
 k - a scroll of fear {unknown}
Potions
 a - a potion of magic
 g - a potion of mutation {unknown}
 i - a potion of lignification {unknown}
 j - a potion of brilliance {unknown}


   Skills:
 - Level 2.0 Dodging
 + Level 3.5 Stealth
 + Level 2.5 Spellcasting
 + Level 0.4 Conjurations
 - Level 1.0 Transmutations
 * Level 4.7 Poison Magic


You had one spell level left.
You knew the following spells:

 Your Spells              Type           Power      Damage    Failure   Level
a - Sting                 Tmut/Pois      52%        1d5       4%          1
b - Poisonous Vapours     Pois/Air       22%        N/A       9%          2
c - Mephitic Cloud        Conj/Pois/Air  8%         N/A       24%         3

Your spell library contained the following spells:

 Spells                   Type           Power      Damage    Failure   Level
 Olgreb's Toxic Radiance  Pois           20%        N/A       22%         4


Dungeon Overview and Level Annotations

Branches:
Dungeon (2/15)

Altars:

Annotations:
D:2 Robin


Innate Abilities, Weirdness & Mutations

You cannot wear most types of armour.
You are amphibious.
You can wear up to eight rings at the same time.
Your skin changes colour to match your surroundings (Stealth+).
Your rubbery body absorbs attacks. (AC +1, EV +1)
((You are camouflaged when in or above water. (Stealth+)))
You have tentacles for arms and can constrict up to eight enemies at once.


Message History

The goblin is engulfed in noxious fumes.
The goblin closely misses you.
The goblin is engulfed in noxious fumes.
The goblin appears confused.
The goblin hits the goblin with a +0 club.
The goblin is killed!
The goblin misses you.
You tentacle-slap the goblin but do no damage.
Your grab misses the goblin. You squeeze the goblin.
You kill the goblin!
You are engulfed in noxious fumes.
You choke on the stench!
You are confused.
The goblin is engulfed in noxious fumes.
The goblin appears confused.
Robin throws the goblin at you! The goblin misses you.
You're too confused to move!
You are engulfed in noxious fumes.
You choke on the stench!
You are more confused.
The goblin is engulfed in noxious fumes.
The goblin appears confused.
The goblin barely misses you. The goblin completely misses you.
You miss the goblin. Your squeeze misses the goblin.
The goblin is engulfed in noxious fumes.
The goblin closely misses you.
The goblin hits itself with a +0 club.
The goblin is killed!
Robin throws the goblin at you! The goblin barely misses you.
You're too confused to cast spells.
Sorry, you're not good enough to have a special ability.
You're too confused to cast spells.
Sorry, you're not good enough to have a special ability.
You tentacle-slap the goblin. Your squeeze misses the goblin.
The goblin is heavily wounded.
The goblin hits you with a +0 club!
* * * LOW HITPOINT WARNING * * *
The goblin is engulfed in noxious fumes.
The goblin barely misses you.
You bump into the rock wall.
You feel less confused. The goblin hits you with a +0 club!
You die...

.##########
....ggg@g.#######
.########.....>.#
#######.# #.# #.#
#.# #.# #.# #.#


You could see Robin, a hobgoblin (strong) and 2 goblins.

Vanquished Creatures
  A worm (D:2)
  2 dart slugs
  4 bats
  3 endoplasms (D:1)
  3 giant cockroaches (D:1)
  8 goblins
  6 hobgoblins (D:1)
  2 jackals (D:1)
  2 kobolds
  2 quokkas
  3 ball pythons
  A frilled lizard (D:1)
  5 rats (D:1)
42 creatures vanquished.

Notes
Turn   | Place    | Note
-------+----------+-------------------------------------------
     0 | D:1      | Crownlay the Octopode Venom Mage began the quest for the
                  | Orb.
     0 | D:1      | Reached XP level 1. HP: 11/11 MP: 3/3
   201 | D:1      | Reached skill level 4 in Poison Magic
   201 | D:1      | Reached XP level 2. HP: 15/17 MP: 0/5
   343 | D:1      | Learned a level 2 spell: Poisonous Vapours
   636 | D:1      | Reached XP level 3. HP: 21/21 MP: 3/6
   746 | D:1      | Learned a level 3 spell: Mephitic Cloud
  1500 | D:2      | Noticed Robin
  1511 | D:2      | Slain by a goblin

Illustrated notes

Levels and vault maps discovered:
D:1:      dpeg_arrival_prison, layout_basic
D:2:      layout_loops_ring, uniq_crazy_yiuf_cottage, uniq_robin, uniq_sigmund

Skill      XL: |  1 |
---------------+----+-----
Stealth        | 3 |  3.5
Poison Magic   | 4 |  4.7
Dodging        | |  2.0
Spellcasting   | |  2.5
Conjurations   | |  0.4
Transmutations | |  1.0

Action                     || total
---------------------------++-------
  Melee: Unarmed           ||    33
         Tentacles         ||     9
         Constrict         ||     7
   Cast: Sting             ||    75
         Mephitic Cloud    ||     1
 Armour: Skin              ||    11
  Dodge: Dodged            ||    38

Table legend: (Time is in decaauts)
 A = Elapsed time spent in this place.
 B = Non-inter-level travel time spent in this place.
 C = Inter-level travel time spent in this place.
 D = Time resting spent in this place.
 E = Time spent auto-exploring this place.
 F = Levels seen in this place.
 G = Mean time per level.
                   A        B        C        D        E       F      G
               +--------+--------+--------+--------+--------+-----+--------+
         Total |   1509 |   1487 |     22 |      0 |   1232 |   2 |  754.5 |
       Dungeon |   1509 |   1487 |     22 |      0 |   1232 |   2 |  754.5 |
               +--------+--------+--------+--------+--------+-----+--------+

Top non-repeatable levels by time:
     D:1: 1126 daAuts
     D:2: 383 daAuts
